 Dungeon Crawl Stone Soup version 0.24.0-123-gd5b16e6ec5 (webtiles) character file.

Game seed: 12848860177118791354, levelgen mode: deterministic

31 Malachi the Skirmisher (level 3, -7/29 HPs)
             Began as a Demonspawn Berserker on Dec 24, 2019.
             Was a Believer of Trog.
             Mangled by Sigmund
             ... wielding a +1 scythe of venom
              (12 damage)
             ... on level 2 of the Dungeon.
             The game lasted 00:02:11 (1538 turns).

Malachi the Skirmisher (Demonspawn Berserker)       Turns: 1538, Time: 00:02:12

Health: -7/29      AC:  2    Str: 18    XL:     3   Next: 7%
Magic:  0/3        EV: 12    Int:  8    God:    Trog [**....]
Gold:   85         SH:  0    Dex: 12    Spells: 2/2 levels left

rFire    . . .     SeeInvis .   a - +0 hand axe
rCold    . . .     Gourm    .   (no shield)
rNeg     . . .     Faith    .   b - +0 animal skin
rPois    .         Spirit   +   (no helmet)
rElec    .         Reflect  .   (no cloak)
rCorr    .         Harm     .   (no gloves)
MR       .....                  (no boots)
Stlth    +.........             (no amulet)
HPRegen  0.09/turn              (no ring)
MPRegen  0.08/turn              (no ring)

@: confused, lethally poisoned (-7 -> -15), berserk cooldown, slowed, very slow
A: claws 1, magic shield
a: Berserk, Trog's Hand, Renounce Religion


You were on level 2 of the Dungeon.
You worshipped Trog.
Trog was pleased with you.
You were hungry.

You visited 1 branch of the dungeon, and saw 2 of its levels.

You collected 85 gold pieces.

Inventory:

Hand Weapons
 a - a +0 hand axe (weapon)
Armour
 b - a +0 animal skin (worn)
Scrolls
 d - a scroll of immolation {unknown}
 g - 2 scrolls of remove curse {unknown}
 h - 2 scrolls of identify {unknown}
 l - a scroll of blinking {unknown}
Potions
 e - 2 potions of heal wounds {unknown}
 f - a potion of agility {unknown}
 i - a potion of mutation {unknown}
 j - a potion of haste {unknown}
 m - 3 potions of cancellation {unknown}
Comestibles
 c - a ration
 k - a chunk of flesh


   Skills:
 + Level 3.4 Fighting
 + Level 3.2 Axes
 + Level 1.9 Armour
 + Level 2.1 Dodging


You had 2 spell levels left.
You didn't know any spells.
Your spell library was empty.

Dungeon Overview and Level Annotations

Branches:
Dungeon (2/15)

Altars:
Sif Muna

Annotations:
D:2 Sigmund


Innate Abilities, Weirdness & Mutations

You have sharp fingernails.
When hurt, damage is shared between your health and your magic reserves.


Message History

You are too confused!
You bump into the rock wall.
You feel a strong urge to attack something.
You bump into the rock wall.
Sigmund hits you from afar with a +1 scythe of venom!
You are poisoned.
You're too confused to move!
You feel your anger nearly subside.
You feel sick.
You bump into the rock wall.
You are no longer berserk.
You are exhausted.
You feel yourself slow down.
You feel sick.
Sigmund hits you from afar with a +1 scythe of venom!
* * * LOW HITPOINT WARNING * * *
You're too confused to move!
* * * LOW HITPOINT WARNING * * *
You feel sick.
Sigmund hits you from afar with a +1 scythe of venom!
You die...

#.#
#####.##
#.# #..#
#.# #..#
#.# #..#
#.# ##.#
#.#
#..#.####.#
#.# #.#
#..#.......
#.# #.
#..######.#
#.## #..#
#.# #..#
#.# ##.#
#.# #@# #.#
#.# #.# #@#
#.# #.. #.#
##. #.# ..
#.# .. #.#
... #.#
###.#


You could see Sigmund.

Vanquished Creatures
  A dart slug (D:1)
  3 bats
  2 giant cockroaches
  3 goblins
  5 hobgoblins
  4 kobolds (D:1)
  A quokka (D:2)
  A ball python (D:1)
  2 frilled lizards (D:1)
  2 rats (D:1)
24 creatures vanquished.

Notes
Turn   | Place    | Note
-------+----------+-------------------------------------------
     0 | D:1      | Malachi the Demonspawn Berserker began the quest for the
                  | Orb.
     0 | D:1      | Reached XP level 1. HP: 18/18 MP: 1/1
   550 | D:1      | Gained mutation: When hurt, damage is shared between your
                  | health and your magic reserves. [demonic ancestry]
   550 | D:1      | Reached XP level 2. HP: 17/24 MP: 2/2
   858 | D:1      | Reached ** piety under Trog
  1456 | D:2      | Gained mutation: You have sharp fingernails. [demonic
                  | ancestry]
  1456 | D:2      | Reached XP level 3. HP: 25/29 MP: 3/3
  1466 | D:2      | Found a shimmering blue altar of Sif Muna.
  1528 | D:2      | Noticed Sigmund
  1538 | D:2      | Mangled by Sigmund

Levels and vault maps discovered:
D:1:      nicolae_arrival_washed_ashore, layout_loops_ring, hex_medium,
          minmay_bisected
D:2:      layout_basic, lemuel_crystal_altar, uniq_sigmund

Skill      XL: |  1  2 |
---------------+-------+-----
Axes           | 3 |  3.2
Dodging        | 2 |  2.1
Fighting       | |  3.4
Armour         | |  1.9

Action                   || total
-------------------------++-------
Melee: Hand axe          ||    71
Invok: Berserk           ||     2
 Stab: Sleeping          ||     1
  Eat: Chunk             ||     3
Armor: Animal skin       ||    17
Dodge: Dodged            ||    59
